 Dungeon Crawl Stone Soup version 0.26-a0-1040-gbe3abf3417 (webtiles) character file.

Game seed: 10623935023697727194

5816 dickylongcocking the Reanimator (level 10, -1/91 HPs)
             Began as a Deep Dwarf Necromancer on Dec 12, 2020.
             Slain by a yak (16 damage)
             ... on level 9 of the Dungeon.
             The game lasted 00:13:53 (11664 turns).

dickylongcocking the Reanimator (DDNe)             Turns: 11664, Time: 00:13:54

Health: -1/91      AC:  3    Str: 12 (14) XL:     10   Next: 51%
Magic:  3/29 (20)  EV: 12    Int: 23 (25) God:
Gold:   384        SH:  0    Dex: 15      Spells: 15/23 levels left

rFire    + . .     SeeInvis .   C - +3 battleaxe (freeze) (curse)
rCold    + + .     Faith    .   (shield currently unavailable)
rNeg     . . .     Spirit   .   s - +0 leather armour
rPois    +         Reflect  .   (no helmet)
rElec    +         Harm     .   (no cloak)
rCorr    +         Rampage  .   (no gloves)
Will     +....     Rnd*Rage +   (no boots)
Stlth    +++.......             i - amulet of regeneration
HPRegen  0.00/turn              w - +6 ring of intelligence
MPRegen  0.21/turn              k - ring of magical power

@: brilliant, resistant, non-regenerating
A: damage resistance, heal wounds, thin skeletal structure 1, berserk 1, cold
resistance 1, sense surroundings 2, strong 1, no regeneration
a: Heal Wounds


You were on level 9 of the Dungeon.
You visited 2 branches of the dungeon, and saw 10 of its levels.
You also visited: Ossuary.

You collected 384 gold pieces.

Inventory:

Hand Weapons
 c - a +0 mace
 o - a +0 war axe
 r - a +2 flail of protection
 C - a cursed +3 battleaxe of freezing (weapon)
Armour
 a - a +0 robe
 s - a +0 leather armour (worn)
Jewellery
 i - an amulet of regeneration (around neck)
 k - a ring of magical power (right hand)
 l - a +4 ring of evasion
 u - a cursed ring of attention {unknown}
 w - a +6 ring of intelligence (left hand)
 A - an uncursed ring of flight
 I - an uncursed ring of stealth {unknown}
Wands
 F - a wand of digging (4)
 K - a wand of random effects (12)
Scrolls
 b - 4 scrolls of remove curse {unknown}
 d - 6 scrolls of identify
 e - 3 scrolls of magic mapping {unknown}
 f - 4 scrolls of teleportation
 g - 2 scrolls of fear {unknown}
 h - 4 scrolls of enchant armour {unknown}
 j - 2 scrolls of blinking {unknown}
 m - 2 scrolls of enchant weapon {unknown}
 n - 2 scrolls of noise {unknown}
 x - a scroll of random uselessness {unknown}
 B - 2 scrolls of amnesia {unknown}
 D - a scroll of summoning {unknown}
Potions
 q - 2 potions of attraction
 t - a potion of degeneration
 v - a potion of flight
 z - a potion of brilliance
 E - a potion of might


   Skills:
 * Level 5.8 Fighting
 * Level 4.3(5.1) Axes
 - Level 3.4(4.3) Maces & Flails
 * Level 7.0 Armour
 - Level 2.2 Dodging
 - Level 2.4 Stealth
 * Level 7.1 Spellcasting
 * Level 10.0 Necromancy


You had 15 spell levels left.
You knew the following spells:

 Your Spells              Type           Power        Failure   Level
a - Pain                  Necr           ####         1%          1
b - Animate Dead          Necr           ######....   1%          4
v - Vampiric Draining     Necr           ######....   1%          3

Your spell library contained the following spells:

 Spells                   Type           Power        Failure   Level
 Animate Skeleton         Necr           ######       1%          1
 Agony                    Necr           ######..     4%          5
 Shock                    Conj/Air       ##..         10%         1
 Swiftness                Air            ##......     14%         2
 Static Discharge         Conj/Air       ##......     28%         3
 Airstrike                Air            ##........   67%         4
 Lightning Bolt           Conj/Air       ##........   95%         5


Dungeon Overview and Level Annotations

Branches:
Dungeon (9/15)             Temple (1/1) D:7            Lair (0/6) D:8
Ossuary (visited)
    Orc: D:9-12

Altars:
Ashenzari
Cheibriados
Dithmenos
Elyvilon
Gozag
Hepliaklqana
Makhleb
Nemelex Xobeh
Okawaru
Qazlal
Ru
Sif Muna
Trog
Uskayaw
Vehumet
Wu Jian
Xom
Yredelemnul
Zin
The Shining One

Shops:
D:8 (


Innate Abilities, Weirdness & Mutations

You are resistant to damage.
You can heal yourself by infusing magical energy.
You passively map the area around you.
You do not regenerate.
You have a somewhat thin skeletal structure. (Dex +2, Stealth)
You tend to lose your temper in combat.
Your flesh is cold resistant. (rC+)
Your muscles are strong. (Str +2)


Message History

The yak gores you.
* * * LOW HITPOINT WARNING * * *
Unknown command.
Okay, then.
It was a potion of haste.
You feel yourself speed up. The yak closely misses you.
It was a potion of cancellation.
Your magical effects are unravelling.
You feel magically purged.
You feel yourself slow down.
You feel a little less mighty now.
You feel a little less clever now.
You feel less attractive to monsters.
It was a potion of resistance.
You feel protected. The yak misses you.
Evoke which item? (* to show all) (? for menu, Esc to quit)
Okay, then.
You feel clever all of a sudden. The yak gores you!
You die...

* #........# *
#$.......# * *
##Y####### * *
#...# ####Y####
######....Y..# *
**
....##.......#
####, , ###
###.##.....>(#
#..+, * #..
#..'...(...# #@#
,, #..
####).....Y###Y#
* #..
#.......#..†# ,,
**, +..
#.......'.### ,
#.. #.......###
,, * #<<
#.......# * #..
##+###### ,,,
### ## , * * .#
* * *** *


You could see a yak.

Vanquished Creatures
  Pikel (D:8)
  A centaur skeleton (D:8)
  A komodo dragon (D:8)
  Grinder (D:6)
  Sigmund (D:3)
  5 yaks (D:9)
  2 wyverns (D:8)
  A basilisk (D:8)
  Menkaure (D:6)
  3 ice beasts
  A sky beast (D:7)
  A swamp drake (D:8)
  2 orc warriors (D:7)
  3 ogres
  5 necrophages
  A centaur (D:6)
  3 bullfrogs
  3 water moccasin zombies (Ossuary)
  A scorpion (D:6)
  5 wights (D:7)
  7 hounds
  A jelly (D:6)
  2 orc priests
  6 orc wizards
  3 iguanas
  9 worker ants
  2 big kobold zombies (Ossuary)
  2 mummies (Ossuary)
  Robin (D:2)
  14 adders
  4 gnolls
  2 river rats (D:3)
  2 shadow imps (D:5)
  4 white imps
  An ufetubus (D:6)
  4 adder skeletons
  6 adder zombies (Ossuary)
  4 worms
  4 dart slugs
  4 leopard geckos
  33 orcs
  2 giant cockroaches
  4 gnoll zombies (Ossuary)
  15 goblins
  10 hobgoblins
  4 jackals
  8 quokkas
  A ball python (D:2)
  3 bats
  7 frilled lizards
  4 hobgoblin zombies (Ossuary)
  11 kobolds
  5 kobold zombies (Ossuary)
  4 orc zombies (Ossuary)
  A quokka skeleton (D:6)
  12 rats
248 creatures vanquished.

Vanquished Creatures (others)
  An ogre (D:8)
  A withered plant (D:9)
2 creatures vanquished.

Grand Total: 250 creatures vanquished

Notes
Turn   | Place    | Note
-------+----------+-------------------------------------------
     0 | D:1      | dickylongcocking the Deep Dwarf Necromancer began the quest
                  | for the Orb.
     0 | D:1      | Reached XP level 1. HP: 15/15 MP: 3/3
   579 | D:1      | Reached XP level 2. HP: 19/22 MP: 1/5
  1119 | D:2      | Reached skill level 5 in Necromancy
  1119 | D:2      | Reached XP level 3. HP: 12/28 MP: 0/6
  1123 | D:2      | Learned a level 3 spell: Vampiric Draining
  1800 | D:2      | Found a shimmering blue altar of Sif Muna.
  1998 | D:2      | Noticed Robin
  2012 | D:2      | Gained mutation: You tend to lose your temper in combat.
                  | [potion of mutation]
  2012 | D:2      | Gained mutation: You have a somewhat thin skeletal
                  | structure. (Dex +2, Stealth) [potion of mutation]
  2012 | D:2      | Gained mutation: Your flesh is cold resistant. (rC+)
                  | [potion of mutation]
  2012 | D:2      | Gained mutation: Your muscles are strong. (Str +2) [potion
                  | of mutation]
  2022 | D:2      | Killed Robin
  2023 | D:2      | Reached XP level 4. HP: 26/36 MP: 0/8
  2156 | D:2      | Noticed a moth of wrath
  2159 | D:2      | Found a bloodstained altar of Trog.
  2391 | D:3      | Noticed Sigmund
  3018 | D:3      | Killed Sigmund
  3019 | D:3      | Reached skill level 6 in Necromancy
  3019 | D:3      | Reached XP level 5. HP: 20/42 MP: 2/10
  3135 | D:3      | Reached XP level 6. HP: 31/49 MP: 4/11
  3960 | D:4      | Reached skill level 7 in Necromancy
  4144 | D:4      | Found a glowing golden altar of the Shining One.
  4146 | D:4      | Found a radiant altar of Vehumet.
  4230 | D:4      | Found a stormy altar of Qazlal.
  4493 | D:4      | Reached XP level 7. HP: 48/56 MP: 2/13
  4589 | D:4      | Reached skill level 1 in Armour
  4619 | D:4      | Reached skill level 1 in Fighting
  5504 | D:5      | Entered Level 5 of the Dungeon
  6025 | D:5      | Reached skill level 5 in Spellcasting
  6227 | D:5      | Reached XP level 8. HP: 60/66 MP: 15/15
  6975 | D:6      | Found a sand-covered staircase.
  7083 | Ossuary  | Entered an ossuary
  7122 | Ossuary  | Reached skill level 8 in Necromancy
  7424 | Ossuary  | Reached skill level 1 in Maces & Flails
  7671 | D:6      | Found a sacrificial altar of Ru.
  7707 | D:6      | Found a glowing silver altar of Zin.
  7707 | D:6      | Found a white marble altar of Elyvilon.
  7727 | D:6      | Noticed Grinder
  7740 | D:6      | Killed Grinder
  8148 | D:6      | Noticed Menkaure
  8151 | D:6      | Killed Menkaure
  8271 | D:6      | Gained mutation: You passively map the area around you.
                  | [Deep Dwarf growth]
  8271 | D:6      | Reached XP level 9. HP: 38/78 MP: 2/17
  8983 | D:7      | Found a staircase to the Ecumenical Temple.
  8992 | Temple   | Entered the Ecumenical Temple
  9251 | D:7      | Reached skill level 5 in Armour
  9327 | D:7      | Learned a level 4 spell: Animate Dead
  9602 | D:7      | Reached skill level 9 in Necromancy
  9735 | D:7      | Reached skill level 1 in Axes
 10059 | D:8      | Noticed Pikel
 10070 | D:8      | Killed Pikel
 10181 | D:8      | Reached skill level 5 in Fighting
 10574 | D:8      | Found Joecw's Antique Weapon Boutique.
 10669 | D:8      | Reached XP level 10. HP: 79/88 MP: 17/19
 11191 | D:8      | Found a staircase to the Lair.
 11495 | D:9      | Found a shimmering altar of Xom.
 11496 | D:9      | Found a shadowy altar of Dithmenos.
 11496 | D:9      | Found an ornate altar of the Wu Jian Council.
 11497 | D:9      | Found a burning altar of Makhleb.
 11498 | D:9      | Found a broken altar of Ashenzari.
 11649 | D:9      | Reached skill level 10 in Necromancy
 11664 | D:9      | Slain by a yak

Illustrated notes

Levels and vault maps discovered:
D:1:      heliophobic_arrival_ceremonial_halls, layout_basic
D:2:      layout_basic, lemuel_doored_altar, minmay_misc_feat_nine_boxes,
          tgw_trog, uniq_robin
D:3:      layout_rooms, gup_sewer_entry_bowl,
          wander_ebering_terrifying_dragon_lair, uniq_sigmund
D:4:      layout_gridville, grunt_qazlal_clouds, minitemple, minmay_bent
D:5:      layout_basic
D:6:      layout_loops_corners, gammafunk_temple_overflow_pools,
          nicolae_ossuary_entry_monument, basic_altar, uniq_grinder,
          uniq_menkaure
D:7:      layout_rooms, minmay_temple_entry_glass
D:8:      layout_basic, erik_lair_dragon, serial_shops, shop, uniq_pikel
D:9:      layout_roguey, grunt_temple_overflow_growth_and_decay,
          nicolae_overflow_hidden_temple
Temple:   compressed_dpeg_triangle_lava_temple

Skill      XL: |  1  2  3  4  5  6  7  8  9 10 |
---------------+-------------------------------+-----
Spellcasting   | 2 3 4 5 6 7 |  7.1
Necromancy     | 5 6 7 8 9 10 | 10.0
Armour         | 3 4 6 7 |  7.0
Fighting       | 2 3 5 |  5.8
Maces & Flails | 2 3 |  3.4
Axes           | 3 4 |  4.3
Dodging        | |  2.2
Stealth        | |  2.4

Action                   |  1- 3 |  4- 6 |  7- 9 | 10-12 || total
-------------------------+-------+-------+-------+-------++-------
Melee: Mace              |    42 |    37 |       |       ||    79
       Flail             |       |    25 |   287 |       ||   312
       War axe           |       |     6 |       |       ||     6
       Battleaxe         |       |       |    37 |    35 ||    72
 Cast: Pain              |    45 |    35 |     8 |     2 ||    90
       Vampiric Draining |    14 |    43 |    97 |    39 ||   193
       Animate Dead      |       |       |     1 |     1 ||     2
Evoke: Wand              |       |       |    21 |     2 ||    23
  Use: Potion            |     4 |     2 |     5 |    11 ||    22
       Scroll            |       |       |     3 |     1 ||     4
 Stab: Sleeping          |       |       |     6 |       ||     6
Armor: Robe              |    10 |    15 |       |       ||    25
       Leather armour    |       |     5 |   144 |    11 ||   160
       Skin              |       |       |     9 |       ||     9
Dodge: Dodged            |    43 |   125 |   284 |    51 ||   503

Table legend: (Time is in decaauts)
 A = Elapsed time spent in this place.
 B = Non-inter-level travel time spent in this place.
 C = Inter-level travel time spent in this place.
 D = Time resting spent in this place.
 E = Time spent auto-exploring this place.
 F = Levels seen in this place.
 G = Mean time per level.
                   A        B        C        D        E       F      G
               +--------+--------+--------+--------+--------+-----+--------+
         Total |  11904 |  11339 |    565 |   2246 |   6976 |  11 | 1082.2 |
       Dungeon |  11071 |  10514 |    557 |   1914 |   6743 |   9 | 1230.1 |
        Temple |    218 |    210 |      8 |     32 |    165 |   1 |  218.0 |
       Ossuary |    615 |    615 |      0 |    300 |     68 |   1 |  615.0 |
               +--------+--------+--------+--------+--------+-----+--------+

Top non-repeatable levels by time:
     D:2: 1837 daAuts
     D:6: 1703 daAuts
     D:4: 1690 daAuts
     D:5: 1374 daAuts
     D:8: 1266 daAuts
     D:3: 1169 daAuts
     D:7: 953 daAuts
     D:1: 887 daAuts
 Ossuary: 615 daAuts
  Temple: 218 daAuts
     D:9: 190 daAuts
